 Dungeon Crawl Stone Soup version 0.24-a0-715-g0b739ee41d (webtiles) character file.

Game seed: 15488810578439439744, levelgen mode: deterministic

94 Engwar the Slasher (level 4, -15/42 HPs)
             Began as a Naga Chaos Knight on Sept 30, 2019.
             Was a Plaything of Xom.
             Demolished by a komodo dragon (shapeshifter) (27 damage)
             ... on level 2 of the Dungeon.
             The game lasted 00:02:38 (798 turns).

Engwar the Slasher (Naga Chaos Knight)               Turns: 798, Time: 00:02:39

Health: -15/42     AC:  5    Str: 14    XL:     4   Next: 63%
Magic:  4/4        EV:  9    Int: 14    God:    Xom [.*....]
Gold:   75         SH:  0    Dex: 10    Spells: 3/3 levels left

rFire    . . .     SeeInvis +   a - +0 falchion (chaos)
rCold    . . .     Gourm    .   (no shield)
rNeg     . . .     Faith    .   b - +2 leather armour
rPois    +         Spirit   .   (no helmet)
rElec    .         Reflect  .   (no cloak)
rCorr    .         Harm     .   (no gloves)
MR       .....                  (no barding)
Stlth    +.........             l - amulet of rage
HPRegen  0.14/turn              (no ring)
MPRegen  0.09/turn              (no ring)

@: very slow
A: large, see invisible, deformed body, poison resistance, slowness 2, slow
metabolism 1, spit poison 1, AC +1
a: Spit Poison, Renounce Religion, Evoke Berserk Rage


You were on level 2 of the Dungeon.
You worshipped Xom.
You were a plaything of Xom.
You were hungry.

You visited 1 branch of the dungeon, and saw 2 of its levels.

You collected 75 gold pieces.

Inventory:

Hand Weapons
 a - a +0 falchion of chaos (weapon)
Missiles
 h - 60 stones (quivered)
Armour
 b - a +2 leather armour (worn)
Jewellery
 l - an amulet of rage (around neck)
Scrolls
 e - a scroll of remove curse {unknown}
 f - 4 scrolls of identify {unknown}
 g - 2 scrolls of fog {unknown}
 j - a scroll of immolation {unknown}
 m - a scroll of fear {unknown}
 n - a scroll of teleportation {unknown}
Potions
 d - a potion of agility {unknown}
 i - a potion of lignification {unknown}
Comestibles
 c - 3 rations


   Skills:
 - Level 3.0 Fighting
 + Level 5.1 Long Blades
 - Level 1.5 Armour
 - Level 0.7 Dodging
 + Level 1.0 Stealth
 + Level 0.1 Evocations


You had 3 spell levels left.
You didn't know any spells.
Your spell library was empty.

Dungeon Overview and Level Annotations

Branches:
Dungeon (2/15)

Altars:
Uskayaw


Innate Abilities, Weirdness & Mutations

You cannot wear boots.
Your serpentine skin is tough. (AC +1)
You have supernaturally acute eyesight. (SInv)
Armour fits poorly on your strangely shaped body.
Your system is resistant to poisons. (rPois)
You cover ground very slowly.
You have a slow metabolism.
You can spit poison.


Message History

The orc barely misses you. The orc hits you with a +0 short sword.
The orc hits you but does no damage. The orc hits you with a +0 short sword.
* * * LOW HITPOINT WARNING * * *
You closely miss the orc. The orc barely misses you.
You riposte.
You barely miss the orc. The orc closely misses you.
You barely miss the orc. The orc barely misses you.
You riposte.
You hit the orc but do no damage.
The orc changes into a shapeshifter!
Xom is amused.
Unknown command.
Unknown command.
You hit the shapeshifter.
The shapeshifter is lightly wounded.
The shapeshifter changes into a komodo dragon!
You hit the komodo dragon. You freeze the komodo dragon.
The komodo dragon is lightly wounded.
The komodo dragon bites you!!
Ouch! That really hurt!
You die...
Xom thinks this is hilarious!

####..#### .. .........#
#.#####...<.###.#
#.#.............#
#.#.........##### ##
#.#.....รท..># .#
#.#......####
.#####.#....?g########.#
.............ool@......#
.#######......##########
.# #........# .#
#.#......# .# #.##.....#
## #.....#..# #
#...###..#
######.#......#
.......#...#..#


You could see a komodo dragon shaped shifter, 2 orcs and a goblin.

Vanquished Creatures
  4 gnolls (D:2)
  An adder (D:2)
  2 worms (D:2)
  A dart slug (D:1)
  A leopard gecko (D:1)
  2 orcs (D:2)
  4 giant cockroaches
  5 goblins
  4 hobgoblins
  2 kobolds (D:1)
  A ball python (D:2)
  5 bats (D:1)
  3 rats
35 creatures vanquished.

Notes
Turn   | Place    | Note
-------+----------+-------------------------------------------
     0 | D:1      | Engwar the Naga Chaos Knight began the quest for the Orb.
     0 | D:1      | Reached XP level 1. HP: 21/21 MP: 1/1
   189 | D:1      | Reached XP level 2. HP: 26/28 MP: 2/2
   251 | D:1      | XOM: cloud trail
   361 | D:1      | Reached skill level 4 in Long Blades
   528 | D:2      | Found a hide-covered altar of Uskayaw.
   551 | D:2      | Reached XP level 3. HP: 34/34 MP: 3/3
   553 | D:2      | XOM: cloud trail
   577 | D:2      | XOM: butterfly on damage
   588 | D:2      | Reached XP level 4. HP: 17/42 MP: 4/4
   597 | D:2      | XOM: potion effect (agility)
   601 | D:2      | Reached skill level 1 in Stealth
   614 | D:2      | Reached skill level 5 in Long Blades
   702 | D:2      | XOM: noise
   796 | D:2      | Noticed a shapeshifter
   796 | D:2      | an orc changed into a shapeshifter
   797 | D:2      | Noticed a komodo dragon
   797 | D:2      | a shapeshifter changed into a komodo dragon
   798 | D:2      | Demolished by a komodo dragon (shapeshifter)

Levels and vault maps discovered:
D:1:      wander_arrival_peaceful_grave, layout_rooms
D:2:      layout_loops_ring, overflow_temple_1_default,
          nicolae_overflow_crystal_walls

Skill      XL: |  1  2  3  4 |
---------------+-------------+-----
Long Blades    | 4 5 |  5.1
Stealth        | 1 |  1.0
Fighting       | |  3.0
Armour         | |  1.5
Dodging        | |  0.7
Evocations     | |  0.1

Action                   |  1- 3 |  4- 6 || total
-------------------------+-------+-------++-------
Melee: Falchion          |    57 |    33 ||    90
 Abil: Evoke Berserk Rag |     1 |       ||     1
Armor: Leather armour    |    23 |    10 ||    33
Dodge: Dodged            |    30 |    27 ||    57
       Rpst.: Falchion   |    11 |     4 ||    15

Table legend:
 A = Non-vault XP
 B = Vault XP
 C = Vault XP percentage of total XP
 D = Non-vault monster count
 E = Vault monster count
 F = Vault count percentage of total count
                 A         B        C        D         E       F
            +---------+---------+-------+---------+---------+-------
      Total |     135 |       0 |   0.0 |      35 |       0 |   0.0
            +---------+---------+-------+---------+---------+-------
        D:1 |      30 |       0 |   0.0 |      16 |       0 |   0.0
        D:2 |     105 |       0 |   0.0 |      19 |       0 |   0.0
            +---------+---------+-------+---------+---------+-------
